 Dungeon Crawl Stone Soup version 0.20-a0-1117-g62da73f (webtiles) character file.

119465 grindst0ne the Fighter (level 16, -9/132 HPs)
             Began as a Demonspawn Berserker on May 9, 2017.
             Was the Champion of Trog.
             Killed from afar by Nikola (33 damage)
             ... with a chain lightning
             ... on level 3 of the Swamp.
             The game lasted 02:03:14 (34007 turns).

grindst0ne the Fighter (Demonspawn Berserker)      Turns: 34007, Time: 02:03:15

Health: -9/132     AC: 30    Str: 29    XL:     16   Next: 27%
Magic:  24/24      EV: 16    Int: 22    God:    Trog [******]
Gold:   2541       SH:  2    Dex: 17    Spells: 15/15 levels left

rFire    + + +     SeeInvis +   h - +7 broad axe of Blind Justice {flame, rC+ Str+4 Stlth+}
rCold    + . .     Gourm    .   (no shield)
rNeg     . . .     Faith    .   v - +1 fire dragon scales
rPois    .         Spirit   .   l - +2 hat {SInv}
rElec    .         Reflect  +   r - +0 cloak
rCorr    .         Harm     .   (gloves unavailable)
MR       +....                  (no boots)
Stlth    +.........             O - +2 amulet of reflection
Regen    0.4/turn               k - ring "Topohal" {Str+6 Int+4}
MPRegen  0.2/turn               o - ring of Vemeph {AC+4 Int+6}

@: sanguine armour, very slow
A: antennae 1, claws 3, clever 1, cold resistance 1, fire resistance 1, high mp
1, spiny 1, augmentation 1, no potion heal 1, sanguine armour 2
a: Berserk, Trog's Hand, Brothers in Arms, Burn Spellbooks, Renounce Religion


You were on level 3 of the Swamp.
You worshipped Trog.
Trog was exalted by your worship.
You were not hungry.

You visited 4 branches of the dungeon, and saw 26 of its levels.
You also visited: Labyrinth and Bailey.

You collected 2736 gold pieces.
You spent 195 gold pieces at shops.

Inventory:

Hand Weapons
 h - the +7 broad axe of Blind Justice (weapon) {flame, rC+ Str+4 Stlth+}
   (Trog gifted it to you on level 6 of the Lair of Beasts)

   It has been specially enchanted to burn those struck by it, causing extra
   injury to most foes and up to half again as much damage against particularly
   susceptible opponents.
   Big, fiery blades are also staple armaments of hydra-hunters.
   It affects your strength (+4).
   It protects you from cold.
   It makes you more stealthy.
Missiles
 f - 44 tomahawks of returning (quivered)
 H - 14 curare-tipped needles
 T - 4 throwing nets
Armour
 l - a +2 hat of see invisible (worn)
 r - a +0 cloak (worn)
 v - +1 fire dragon scales (worn)
 C - the +3 ring mail of Sovereignty {+Inv rF+ Int+4}
   (You found it on level 5 of the Dungeon)

   It affects your intelligence (+4).
   It protects you from fire.
   It lets you turn invisible.
 J - a +3 chain mail of magic resistance
 W - +0 acid dragon scales
 Y - a +3 shield
Jewellery
 k - the ring "Topohal" (left claw) {Str+6 Int+4}
   (You acquired it on level 2 of the Swamp)

   [ring of strength]

   It affects your strength (+6).
   It affects your intelligence (+4).
 o - the ring of Vemeph (right claw) {AC+4 Int+6}
   (You acquired it on level 9 of the Dungeon)

   [ring of protection]

   It affects your AC (+4).
   It affects your intelligence (+6).
 M - a +3 ring of slaying
 O - a +2 amulet of reflection (around neck)
 R - an uncursed ring of protection from fire
 Z - a +3 ring of dexterity
Wands
 d - a wand of iceblast (11/15)
 e - a wand of random effects (30/48)
 p - a wand of confusion (38/48)
 t - a wand of flame (28/48)
 y - a wand of lightning (7/15)
 z - a wand of confusion (24/48)
 B - a wand of clouds (5/9)
 E - a wand of enslavement (12/24)
 F - a wand of paralysis (13/24)
 I - a wand of polymorph (10/24)
 K - a wand of enslavement (15/24)
 L - a wand of paralysis (14/24)
 Q - a wand of polymorph (13/24)
 X - a wand of disintegration (20/24)
Scrolls
 a - 4 scrolls of enchant weapon
 i - 2 scrolls of remove curse
 j - 8 scrolls of teleportation
 q - 2 scrolls of fog
 A - 11 scrolls of identify
 P - 3 scrolls of magic mapping
Potions
 g - a potion of agility
 n - 20 potions of curing
 s - a potion of brilliance
 x - a potion of magic
 D - 7 potions of flight
 U - 2 potions of might
 V - a potion of haste
Miscellaneous
 b - a lamp of fire
 u - a box of beasts
 N - a crystal ball of energy
Comestibles
 c - 12 bread rations
 m - 26 royal jellies
 w - 20 fruits
 G - 7 meat rations


   Skills:
 - Level 13.7 Fighting
 - Level 11.7 Axes
 - Level 13.6 Armour
 - Level 8.8 Dodging
 * Level 12.6 Shields
 + Level 7.8 Evocations


You had 15 spell levels left.
You didn't know any spells.

Dungeon Overview and Level Annotations

Branches:
Dungeon (15/15)            Temple (0/1) D:7            Lair (6/6) D:9
  Swamp (3/4) Lair:4       Spider (0/4) Lair:3          Orc (2/2) D:10
    Elf (0/3) Orc:2        Vaults (0/5) D:14         Depths (0/5) D:15
  Slime: Lair:5-6

Altars:
Ashenzari
Dithmenos
Gozag
Qazlal
Sif Muna
Yredelemnul

Shops:
D:15 (   Orc:2 :[(*

Portals:
Trove: D:11 (give 8 potions of haste)

Annotations:
Lair:4 exclusion: 2 oklob plants
Lair:5 exclusion: 3 oklob plants
Swamp:3 Nikola


Innate Abilities, Weirdness & Mutations

You have claws for hands.
You are partially covered in sharp spines.
Your magical and physical power is slightly enhanced at high health.
When seriously injured, your bleeding wounds create thick armour. (AC +9)
You have a pair of small antennae on your head.
Your mind is acute. (Int +2)
Your flesh is cold resistant. (rC+)
Your flesh is heat resistant. (rF+)
You have an increased reservoir of magic. (+10% MP)
Potions are less effective at restoring your health.


Message History

j - 8 scrolls of teleportation (gained 1)
You enter the shallow water.
Moving in this stuff is going to be slow.
Nikola the Mad Inventor comes into view.
He is wielding a rapier of electrocution.
Nikola shouts!
Nikola gestures wildly while chanting.
You hear a mighty clap of thunder!
The lightning arc arcs out of your line of sight!
You hear a mighty clap of thunder!
The lightning arc suddenly appears!
The lightning arc hits Nikola.
The lightning arc hits you!
The lightning arc hits Nikola.
The lightning arc hits you!
The lightning arc hits Nikola.
The lightning arc hits you!
Your blood congeals into armour.
Nikola casts a spell.
You hear a mighty clap of thunder!
The lightning arc hits you!
The lightning arc hits Nikola.
The lightning arc hits you!
* * * LOW HITPOINT WARNING * * *
The lightning arc hits Nikola.
The lightning arc hits you!
You die...

♣≈≈....≈≈≈.... ≈≈
..≈≈≈≈≈≈≈≈.......... ≈♣
.≈.....≈≈..##..###. ♣
≈§≈≈.≈♣.≈≈...##..#... ≈.
♣! ≈.§≈..........###.
§≈.♣.≈≈≈...≈............
≈....≈♣≈. ♣♣............
≈.≈.≈≈≈§♣♣♣..###...≈≈≈.♣
..≈....@♣≈.≈...#..≈≈.§≈♣
≈.≈≈≈≈≈♣.≈.....#.......♣
<≈≈≈.≈♣♣..≈..#.#...).≈≈♣
≈>...♣ ♣♣........##.....
♣≈≈≈♣ ♣♣..≈.....##..###
≈.≈♣ ♣♣.♣..♣.....#....#
.@♣ ♣...........).[..#
≈♣ ♣..§..≈...........
♣..≈...≈...♣♣≈≈≈≈♣


You could see Nikola.

Vanquished Creatures
  Gastronok (D:9)
  Kirke (Lair:6)
  A thorn hunter (Swamp:2)
  An orc warlord (Orc:1)
  Snorg (D:12)
  A minotaur (Lab)
  3 fire dragons
  Josephine (D:12)
  Fannar (Lair:1)
  A vault guard (D:14)
  Harold (Orc:1)
  8 hydras
  2 catoblepae
  6 death yaks (Lair:3)
  2 centaur warriors
  2 two-headed ogres
  A death knight (D:15)
  4 alligators
  2 orc high priests (Orc:2)
  8 spriggans
  4 skeletal warriors
  A swamp dragon (Swamp:2)
  A wizard (D:14)
  A spriggan druid (Swamp:2)
  3 shambling mangroves
  A lindwurm (Lair:3)
  3 orc knights
  5 orc sorcerers (Orc:2)
  2 deep elf magi
  7 ugly things
  3 manticores
  4 cyclopes
  16 elephants
  Maurice (D:12)
  2 gargoyles
  7 black mambas
  A centaur skeleton (D:12)
  A torpor snail (Lair:5)
  13 spiny frogs
  11 komodo dragons
  An efreet (D:13)
  A yaktaur (D:15)
  4 rime drakes
  A queen bee (Lair:3)
  9 trolls
  15 hornets
  A merfolk (D:11)
  3 tyrant leeches
  Grinder (D:3)
  12 hippogriffs
  31 slime creatures
  19 blink frogs
  3 bog bodies
  Sigmund (D:3)
  6 shadows
  3 wraiths (D:12)
  5 wyverns
  2 hogs (Lair:6)
  5 basilisks
  57 yaks
  21 vampire mosquitoes
  5 hungry ghosts
  10 insubstantial wisps
  Edmund (D:5)
  A soldier ant (shapeshifter) (D:13)
  2 soldier ants (D:15)
  13 swamp worms
  4 wargs
  2 acid dragons
  17 water moccasins
  8 porcupines
  3 ice beasts
  6 phantoms
  5 sky beasts
  39 orc warriors
  4 swamp drakes
  An eye of draining (D:15)
  11 ogres
  11 wolves
  3 centaurs
  8 crocodiles
  2 big kobolds
  15 bullfrogs
  A wyvern zombie (D:12)
  A gnoll sergeant (D:12)
  4 scorpions
  A troll skeleton (Lab)
  42 killer bees
  13 wights
  4 electric eels
  3 howler monkeys
  7 crimson imps
  2 bullfrog zombies
  2 centaur zombies
  13 orc priests
  5 hounds
  6 jellies
  25 orc wizards
  9 bullfrog skeletons
  2 iguanas
  Jessica (D:3)
  5 hell rats (Lair:6)
  13 worker ants
  A killer bee zombie (D:8)
  An ogre skeleton (Lab)
  A hound skeleton (D:4)
  A worker ant zombie (D:5)
  Robin (D:2)
  9 gnolls
  A howler monkey skeleton (D:5)
  8 adders
  A river rat (Lair:4)
  3 shadow imps
  2 oozes
  An adder skeleton (D:9)
  2 adder zombies
  A worm (D:4)
  6 leopard geckos
  85 orcs
  6 giant cockroaches
  14 goblins
  15 hobgoblins
  10 jackals
  3 quokkas
  A ball python (D:5)
  A ball python skeleton (D:6)
  10 bats
  5 frilled lizards
  A jackal zombie (D:6)
  24 kobolds
  A quokka zombie (D:7)
  4 rats
  A spectral orc (D:8)
  2 fungi (Orc:2)
  2 plants
890 creatures vanquished.

Vanquished Creatures (others)
  Nessos (Lair:5)
  A shadow (Swamp:3)
  A human (Lair:6)
  A wyvern (D:14)
  An orc wizard (D:12)
  31 fungi
  29 plants
65 creatures vanquished.

Grand Total: 955 creatures vanquished

Notes
Turn   | Place    | Note
-------+----------+-------------------------------------------
     0 | D:1      | grindst0ne the Demonspawn Berserker began the quest for the Orb.
     0 | D:1      | Reached XP level 1. HP: 18/18 MP: 1/1
   260 | D:1      | Gained mutation: You are partially covered in sharp spines. [demonic ancestry]
   260 | D:1      | Reached XP level 2. HP: 24/24 MP: 2/2
   629 | D:2      | Gained mutation: When seriously injured, your bleeding wounds create armour. (AC +9) [demonic ancestry]
   629 | D:2      | Reached XP level 3. HP: 30/30 MP: 3/3
   714 | D:2      | Noticed Robin
   734 | D:2      | Reached ** piety under Trog
   743 | D:2      | Killed Robin
   852 | D:2      | Gained mutation: You have sharp fingernails. [demonic ancestry]
   852 | D:2      | Reached XP level 4. HP: 36/37 MP: 4/4
  1347 | D:3      | Noticed Sigmund
  1356 | D:3      | Killed Sigmund
  1356 | D:3      | Gained mutation: You have very sharp fingernails. [demonic ancestry]
  1356 | D:3      | Reached XP level 5. HP: 43/43 MP: 5/5
  1406 | D:3      | Noticed Jessica
  1414 | D:3      | Killed Jessica
  1414 | D:3      | Reached XP level 6. HP: 50/50 MP: 6/6
  1504 | D:3      | Noticed Grinder
  1530 | D:3      | Killed Grinder
  1530 | D:3      | Reached skill level 5 in Fighting
  1702 | D:3      | Reached XP level 7. HP: 49/56 MP: 7/7
  2056 | D:3      | Found a stormy altar of Qazlal.
  2102 | D:3      | Found a deep blue altar of Sif Muna.
  2102 | D:3      | Found an opulent altar of Gozag.
  2180 | D:3      | Reached *** piety under Trog
  3088 | D:4      | Reached skill level 5 in Axes
  3252 | D:5      | Entered Level 5 of the Dungeon
  3276 | D:5      | Noticed Edmund
  3285 | D:5      | Killed Edmund
  3285 | D:5      | Reached skill level 5 in Armour
  3289 | D:5      | Gained mutation: You have claws for hands. [demonic ancestry]
  3289 | D:5      | Reached XP level 8. HP: 64/64 MP: 8/8
  3309 | D:5      | Found a shattered altar of Ashenzari.
  3746 | D:5      | Got a polished ring mail
  3757 | D:5      | Identified the +3 ring mail of Sovereignty {+Inv rF+ Int+4} (You found it on level 5 of the Dungeon)
  4050 | D:6      | Found a shadowy altar of Dithmenos.
  4545 | D:6      | Gained mutation: You evolve. [potion of mutation]
  4545 | D:6      | Gained mutation: You can translocate small distances at will. [potion of mutation]
  4545 | D:6      | Gained mutation: Your flesh is cold resistant. (rC+) [potion of mutation]
  4716 | D:6      | Reached **** piety under Trog
  4992 | D:7      | Noticed a hippogriff
  5000 | D:7      | Killed a hippogriff
  5028 | D:7      | Reached XP level 9. HP: 62/72 MP: 9/9
  5103 | D:7      | Found a flagged portal.
  5135 | Bailey   | Entered a bailey
  5370 | Bailey   | Noticed an orc knight
  5735 | Bailey   | Killed an orc knight
  5737 | Bailey   | Received a gift from Trog
  6171 | Bailey   | Got a smoking hand crossbow
  6172 | Bailey   | Identified the +5 hand crossbow "Bidweodgh" {freeze, Dex+4 Stlth+} (You found it in a bailey)
  6339 | D:7      | Found a staircase to the Ecumenical Temple.
  6649 | D:8      | Lost mutation: You can translocate small distances at will. [mutagenic meat]
  6650 | D:8      | Gained mutation: You are weak. (Str -2) [mutagenic meat]
  6651 | D:8      | Gained mutation: You have large cloven feet. [mutagenic meat]
  6652 | D:8      | Gained mutation: You occasionally shout uncontrollably at your foes. [mutagenic meat]
  6653 | D:8      | Gained mutation: Your mind is acute. (Int +2) [mutagenic meat]
  7088 | D:8      | Found a basalt altar of Yredelemnul.
  7429 | D:8      | Reached ***** piety under Trog
  7429 | D:8      | Reached XP level 10. HP: 70/83 MP: 10/10
  7522 | D:9      | Gained mutation: You have hoof-like feet. [evolution]
  7546 | D:9      | Received a gift from Trog
  7771 | D:9      | Noticed Gastronok
  7783 | D:9      | Killed Gastronok
  7783 | D:9      | Reached skill level 10 in Fighting
  7863 | D:9      | Found a staircase to the Lair.
  8156 | D:9      | Lost mutation: You are weak. (Str -2) [mutagenic meat]
  8157 | D:9      | Gained mutation: You are resistant to hostile enchantments. (MR+) [mutagenic meat]
  8189 | D:9      | Gained mutation: You sometimes yell uncontrollably at your foes. [mutagenic meat]
  8520 | D:9      | Identified a scroll of acquirement
  8523 | D:9      | Got a crude platinum ring
  8524 | D:9      | Identified the ring of Vemeph {AC+4 Int+6} (You acquired it on level 9 of the Dungeon)
  8546 | D:10     | Entered Level 10 of the Dungeon
  8561 | D:10     | Gained mutation: Your magical and physical power is slightly enhanced at high health. [demonic ancestry]
  8561 | D:10     | Reached XP level 11. HP: 81/93 MP: 11/11
  8592 | D:10     | Reached skill level 10 in Armour
  8717 | D:10     | Got a jet-studded scale mail
  8728 | D:10     | Identified the cursed +0 scale mail of Paczah {SInv} (You found it on level 10 of the Dungeon)
  9189 | D:10     | Found a staircase to the Orcish Mines.
  9446 | Lair:1   | Entered Level 1 of the Lair of Beasts
  9789 | Lair:1   | Lost mutation: You are resistant to hostile enchantments. (MR+) [evolution]
  9897 | Lair:1   | Noticed Fannar
  9925 | Lair:1   | Killed Fannar
 10856 | Lair:2   | Found a labyrinth entrance.
 10866 | Lab      | Entered a labyrinth
 10919 | Lab      | Found an exit through the horrors of the Abyss.
 10938 | Lab      | Reached XP level 12. HP: 101/103 MP: 12/12
 11244 | Lab      | Found an exit through the horrors of the Abyss.
 12229 | Lab      | Noticed a minotaur
 12237 | Lab      | Killed a minotaur
 12237 | Lab      | Received a gift from Trog
 12246 | Lab      | Identified the Compendium of Stones and Venom
 12640 | Lair:2   | Noticed a six-headed hydra
 12649 | Lair:2   | Killed a six-headed hydra
 13984 | Lair:3   | Gained mutation: Your mind is very acute. (Int +4) [evolution]
 14007 | Lair:3   | Noticed a five-headed hydra
 14047 | Lair:2   | Killed a six-headed hydra
 14439 | Lair:3   | Found a hole to the Spider Nest.
 15118 | Lair:3   | Noticed a death yak
 15118 | Lair:3   | Noticed a death yak
 15124 | Lair:3   | Noticed a death yak
 15134 | Lair:3   | Killed a death yak
 15134 | Lair:3   | Received a gift from Trog
 15140 | Lair:3   | Killed a death yak
 15144 | Lair:3   | Noticed a death yak
 15144 | Lair:3   | Noticed a death yak
 15145 | Lair:3   | Noticed a death yak
 15442 | Lair:3   | Killed a death yak
 15445 | Lair:3   | Killed a death yak
 15463 | Lair:3   | Reached XP level 13. HP: 85/112 MP: 13/13
 15904 | Lair:4   | Lost mutation: You sometimes yell uncontrollably at your foes. [potion of mutation]
 15904 | Lair:4   | Lost mutation: Your flesh is cold resistant. (rC+) [potion of mutation]
 15904 | Lair:4   | Lost mutation: You have hoof-like feet. [potion of mutation]
 15904 | Lair:4   | Lost mutation: Your mind is very acute. (Int +4) [potion of mutation]
 15904 | Lair:4   | Gained mutation: You are agile. (Dex +2) [potion of mutation]
 16075 | Lair:3   | Reached skill level 5 in Dodging
 16296 | Lair:4   | Found a staircase to the Swamp.
 17397 | Lair:4   | Received a gift from Trog
 18818 | Lair:5   | Gained mutation: You are frail. (-10% HP) [evolution]
 18820 | Lair:5   | Reached skill level 10 in Axes
 19843 | Lair:5   | Noticed Nessos
 19853 | Lair:5   | Killed Nessos
 20084 | Lair:6   | Entered Level 6 of the Lair of Beasts
 20531 | Lair:6   | Gained mutation: When seriously injured, your bleeding wounds create thick armour. (AC +9) [demonic ancestry]
 20531 | Lair:6   | Reached XP level 14. HP: 43/107 MP: 14/14
 20996 | Lair:6   | Received a gift from Trog
 20999 | Lair:6   | Got a fine broad axe {god gift}
 21000 | Lair:6   | Identified the +7 broad axe of Blind Justice {flame, rC+ Str+4 Stlth+} (Trog gifted it to you on level 6 of the Lair of Beasts)
 21112 | Lair:6   | Lost mutation: You are agile. (Dex +2) [evolution]
 21172 | Lair:6   | Reached skill level 1 in Shields
 21723 | Lair:6   | Noticed Kirke
 21729 | Lair:6   | Killed Kirke
 22161 | Lair:6   | Reached skill level 5 in Shields
 22845 | D:11     | Found a portal to a secret trove of treasure.
 23123 | D:12     | Noticed Snorg
 23146 | D:12     | Killed Snorg
 23387 | D:12     | Noticed Josephine
 23488 | D:12     | Noticed Maurice
 23492 | D:12     | Killed Josephine
 23492 | D:12     | Received a gift from Trog
 23502 | D:12     | Killed Maurice
 23846 | D:12     | Received a gift from Trog
 24523 | D:13     | Gained mutation: Your mind is very acute. (Int +4) [mutagenic meat]
 24524 | D:13     | Lost mutation: You have large cloven feet. [mutagenic meat]
 24526 | D:13     | Gained mutation: Scrolls take you a little longer to read. [mutagenic meat]
 24527 | D:13     | Gained mutation: You are weak. (Str -2) [mutagenic meat]
 25661 | D:14     | Reached skill level 1 in Evocations
 25661 | D:14     | Reached XP level 15. HP: 112/112 MP: 15/15
 25701 | D:14     | Found a gate to the Vaults.
 26170 | D:15     | Entered Level 15 of the Dungeon
 26235 | D:15     | Lost mutation: Your mind is very acute. (Int +4) [mutagenic meat]
 26236 | D:15     | Lost mutation: You are weak. (Str -2) [mutagenic meat]
 26237 | D:15     | Gained mutation: You have an increased reservoir of magic. (+10% MP) [mutagenic meat]
 26263 | D:15     | Gained mutation: You are very frail. (-20% HP) [mutagenic meat]
 26264 | D:15     | Gained mutation: Your spells are a little harder to cast, but a little more powerful. [mutagenic meat]
 26265 | D:15     | Gained mutation: Scrolls take you longer to read. [mutagenic meat]
 26269 | D:15     | Gained mutation: You have a pair of small antennae on your head. [mutagenic meat]
 26271 | D:15     | Lost mutation: Scrolls take you longer to read. [mutagenic meat]
 26272 | D:15     | Lost mutation: Your spells are a little harder to cast, but a little more powerful. [mutagenic meat]
 26553 | D:15     | Reached ****** piety under Trog
 27378 | D:15     | Lost mutation: You evolve. [potion of mutation]
 27378 | D:15     | Lost mutation: You occasionally shout uncontrollably at your foes. [potion of mutation]
 27378 | D:15     | Lost mutation: Scrolls take you a little longer to read. [potion of mutation]
 27378 | D:15     | Lost mutation: You are very frail. (-20% HP) [potion of mutation]
 27378 | D:15     | Gained mutation: Your flesh is heat resistant. (rF+) [potion of mutation]
 27378 | D:15     | Lost mutation: You are frail. (-10% HP) [potion of mutation]
 27378 | D:15     | Gained mutation: Potions are less effective at restoring your health. [potion of mutation]
 27378 | D:15     | Gained mutation: Your flesh is cold resistant. (rC+) [potion of mutation]
 28318 | D:15     | Found a staircase to the Depths.
 28369 | D:15     | Found Boaghas's Antique Weapon Shoppe.
 28765 | D:15     | Received a gift from Trog
 28841 | Orc:1    | Entered Level 1 of the Orcish Mines
 28857 | Orc:1    | Reached skill level 10 in Shields
 28960 | Orc:2    | Entered Level 2 of the Orcish Mines
 29182 | Orc:1    | Noticed Harold
 29194 | Orc:1    | Killed Harold
 29616 | Orc:2    | Received a gift from Trog
 29620 | Orc:2    | Noticed an orc warlord
 29679 | Orc:2    | Reached skill level 5 in Evocations
 29685 | Orc:1    | Killed an orc warlord
 29904 | Orc:2    | Paralysed by an orc sorcerer for 5 turns
 29948 | Orc:2    | Found Jimiufol's General Store.
 29956 | Orc:2    | Bought a scroll of enchant weapon for 127 gold pieces
 29956 | Orc:2    | Bought a potion of might for 68 gold pieces
 29981 | Orc:2    | Found Vudoh's Antique Weapon Emporium.
 30103 | Orc:2    | Found Poadeiqof's Antique Armour Shop.
 30279 | Orc:2    | Found Vuakh's Book Shoppe.
 30506 | Orc:2    | Found a staircase to the Elven Halls.
 31021 | Swamp:1  | Entered Level 1 of the Swamp
 31093 | Swamp:1  | Received a gift from Trog
 32136 | Swamp:2  | Received a gift from Trog
 32505 | Swamp:2  | Reached XP level 16. HP: 132/132 MP: 23/23
 33076 | Swamp:2  | Noticed a thorn hunter
 33085 | Swamp:2  | Killed a thorn hunter
 33287 | Swamp:2  | Got a fine tin ring
 33289 | Swamp:2  | Identified the ring "Topohal" {Str+6 Int+4} (You acquired it on level 2 of the Swamp)
 33690 | Swamp:3  | Received a gift from Trog
 34007 | Swamp:3  | Noticed Nikola
 34007 | Swamp:3  | Killed from afar by Nikola

Vault maps used:
D:1:      minmay_arrival_split_and_join
D:2:      grunt_decor_arrowhead, lemuel_another_geyser, uniq_robin
D:3:      lemuel_crystal_altar, gammafunk_temple_overflow_pools, first_bread,
          uniq_grinder, uniq_sigmund, uniq_jessica
D:5:      overflow_temple_1_default, uniq_edmund
D:6:      nicolae_overflow_hidden_temple
D:7:      minmay_temple_entry_statues_fountains, enter_bailey_2
D:8:      yredelemnul_forgotten_temple_becter
D:9:      erik_lair_orcish_takeover, uniq_gastronok
D:10:     orc_0_dummy
D:11:     enter_trove_2, hangedman_fish_farm, grunt_decor_one_mirror
D:12:     fungi_pond_lemuel, uniq_maurice, uniq_josephine, uniq_snorg
D:14:     david_vaults_4, grunt_ministairs_1
D:15:     grunt_enter_depths_hoard, serial_shops, shop
Lair:1:   uniq_fannar
Lair:2:   lab_entry_generic
Lair:3:   dummy_spider_entry, special_room, st_stairs_13
Lair:4:   regret_index_harrowing_hell_hive, nicolae_swamp_entry_splash_gauntlet,
          beast_lair_carwin_9
Lair:5:   minmay_slime_entry_oklob_enclosed, serial_bayou_lake_a,
          grunt_megastairs_5, infiniplex_staircase_pool, serial_bayou_shore_a,
          uniq_nessos
Lair:6:   due_jungle_book, infiniplex_staircase_pool_2, grunt_megastairs_3,
          uniq_kirke
Swamp:1:  hangedman_swamp_ruin_hall
Swamp:2:  evilmike_swamp_ruin_house_1
Swamp:3:  evilmike_swamp_ruin_rubble_2, uniq_nikola
Orc:1:    uniq_harold
Orc:2:    grunt_orc_gardens, grunt_orc_garden, grunt_orc_garden,
          grunt_orc_garden, grunt_orc_garden
Lab:      labyrinth_skeletal_remains, nicolae_lab_flowing_pool,
          nicolae_lab_lava, labyrinth_lava_lair, nicolae_lab_grate
Bailey:   bailey_axe_4, bailey

Skill      XL: |  1  2  3  4  5  6  7  8  9 10 11 12 13 14 15 16 |
---------------+-------------------------------------------------+-----
Armour         | 2 3 4 5 6 8 9 11 12 13 | 13.6
Axes           | 3 4 5 6 7 9 10 11 | 11.7
Fighting       | 4 5 6 7 9 11 12 13 | 13.7
Dodging        | 4 8 |  8.8
Shields        | 8 11 12 | 12.6
Evocations     | 1 6 7 |  7.8

Action                   |  1- 3 |  4- 6 |  7- 9 | 10-12 | 13-15 | 16-18 || total
-------------------------+-------+-------+-------+-------+-------+-------++-------
Melee: Hand axe          |    68 |    18 |       |       |       |       ||    86
       War axe           |       |    38 |    52 |    49 |    48 |       ||   187
       Flail             |       |       |   106 |       |       |       ||   106
       Morningstar       |       |       |   102 |   291 |   109 |       ||   502
       Kick              |       |       |    10 |   134 |   197 |       ||   341
       Great mace        |       |       |       |    57 |   113 |       ||   170
       Executioner's axe |       |       |       |       |    30 |       ||    30
       Broad axe         |       |       |       |       |   662 |   111 ||   773
Throw: Tomahawk          |       |       |     1 |       |       |       ||     1
       Throwing net      |       |       |       |       |     1 |       ||     1
Invok: Berserk           |     2 |     4 |    15 |    23 |    58 |     7 ||   109
       Burn Spellbooks   |       |       |       |     3 |     4 |     1 ||     8
       Trog's Hand       |       |       |       |     1 |     6 |       ||     7
       Brothers in Arms  |       |       |       |     1 |       |       ||     1
Evoke: Wand              |       |       |       |       |     1 |       ||     1
  Use: Scroll            |       |       |    16 |     8 |    22 |     3 ||    49
       Potion            |       |       |     7 |     4 |    11 |     1 ||    23
 Stab: Sleeping          |       |       |       |       |     2 |       ||     2
       Distracted        |       |       |       |       |     1 |       ||     1
  Eat: Chunk             |     2 |     6 |    36 |    33 |    95 |     3 ||   175
       Fruit             |       |       |     1 |       |       |       ||     1
       Bread ration      |       |       |       |     4 |     7 |     2 ||    13
       Royal jelly       |       |       |       |     1 |     1 |       ||     2
Armor: Scale mail        |    24 |     4 |       |       |       |       ||    28
       Animal skin       |     1 |       |       |       |       |       ||     1
       Chain mail        |       |    26 |    31 |       |       |       ||    57
       Ring mail         |       |       |   102 |   263 |   331 |       ||   696
       Fire dragon scale |       |       |       |       |   167 |    56 ||   223
       Plate armour      |       |       |       |       |    42 |       ||    42
       Skin              |       |       |       |       |    16 |       ||    16
Dodge: Dodged            |    39 |    23 |   208 |   314 |   822 |    62 ||  1468
Block: Other             |       |       |       |    35 |    73 |     9 ||   117
       Reflection        |       |       |       |       |     3 |       ||     3
       Large shield      |       |       |       |       |    17 |       ||    17
       Shield            |       |       |       |       |     1 |       ||     1
